 Dungeon Crawl Stone Soup version 0.28-a0-1545-g945cd3f27e (webtiles) character file.

Game seed: 10443241150638143032

42 BritishOli the Chopper (level 3, 28/28 HPs)
             Began as a Demonspawn Gladiator on Jan 18, 2022.
             Got out of the dungeon alive.
             The game lasted 00:01:15 (1222 turns).

BritishOli the Chopper (Demonspawn Gladiator)       Turns: 1222, Time: 00:01:15

Health: 28/28      AC:  4    Str: 16    XL:     3   Next: 35%
Magic:  3/3        EV: 12    Int:  9    God:
Gold:   29         SH:  0    Dex: 14    Spells: 2/2 levels left

rFire   . . .      SeeInvis .   a - +0 war axe
rCold   . . .      Faith    .   (no shield)
rNeg    . . .      Spirit   .   b - +0 leather armour
rPois   .          Reflect  .   c - +0 helmet
rElec   .          Harm     .   (no cloak)
rCorr   .          Rampage  .   (no gloves)
Will    .....                   (no boots)
Stlth   +.........              (no amulet)
HPRegen 0.09/turn               (no ring)
MPRegen 0.08/turn               (no ring)

@: no status effects
A: demonic guardian 1, demonic touch 1
a: no special abilities


You escaped.
You visited 1 branch of the dungeon, and saw 2 of its levels.

You collected 29 gold pieces.

Inventory:

Hand Weapons
 a - a +0 war axe (weapon)
Missiles
 d - 3 throwing nets (quivered)
Armour
 b - a +0 leather armour (worn)
 c - a +0 helmet (worn)
Scrolls
 g - a scroll of fog {unknown}
 i - a scroll of immolation {unknown}
Potions
 e - 2 potions of curing {unknown}
 f - 2 potions of lignification {unknown}
 h - a potion of invisibility {unknown}
 j - a potion of brilliance {unknown}
 k - a potion of cancellation {unknown}


   Skills:
 + Level 2.4 Fighting
 + Level 3.0 Axes
 + Level 2.2 Throwing
 + Level 1.0 Armour
 + Level 3.0 Dodging


You had 2 spell levels left.
You didn't know any spells.
Your spell library was empty.

Dungeon Overview and Level Annotations

Branches:
Dungeon (2/15)

Altars:


Innate Abilities, Weirdness & Mutations

A weak demonic guardian rushes to your aid.
Your touch may inflict minor irresistible damage on your foes.


Message History

You barely miss the adder.
The adder is lightly wounded.
The adder closely misses you. The adder barely misses you.
An adder is nearby!
You hit the adder but do no damage. Your touch misses the adder.
The adder is lightly wounded.
The adder closely misses you. x2
You hit the adder but do no damage. Your touch misses the adder.
The adder is lightly wounded.
The adder barely misses you.
You hit the adder. Your touch misses the adder.
The adder is severely wounded.
The adder bites you but does no damage. The adder bites you.
You slash the adder!
You kill the adder!
Your Armour skill increases to level 1!
Your Dodging skill increases to level 3!
No target in view!
No target in view!
(D) Dungeon
Where to? (Enter - D:2, ? - help)
There is a stone staircase leading down here.
There is a stone staircase leading up here.
You climb upwards.
There is a stone staircase leading down here.
(D) Dungeon
Where to? (Enter - D:1, ? - help)
Okay, then.
(D) Dungeon
Where to? (Enter - D:1, ? - help)
Okay, then.
You see here 5 arrows.
You see here a +0 club.
You see here a +0 club.
You see here 5 arrows.
There is a staircase leading out of the dungeon here.
Are you sure you want to leave the Dungeon?
This will make you lose the game!
Uppercase [Y]es or [N]o only, please.
Are you sure you want to leave the Dungeon?
This will make you lose the game!
You have escaped!

##### ##.@.# #
##...### # #...##>#
# ##...#.≈# #
#...##.≈# #
##...#.≈≈# #
###...##≈≈≈# #
#.'...'≈≈≈≈#
#########.#...##≈≈≈#


There were no monsters in sight!

Vanquished Creatures
  An adder (D:2)
  A dart slug (D:1)
  2 bats (D:1)
  2 endoplasms
  A giant cockroach (D:1)
  2 goblins (D:1)
  4 hobgoblins
  3 jackals
  3 kobolds (D:1)
  A quokka (D:2)
  A ball python (D:1)
  5 frilled lizards (D:1)
  2 rats (D:1)
28 creatures vanquished.

Notes
Turn   | Place    | Note
-------+----------+-------------------------------------------
     0 | D:1      | BritishOli the Demonspawn Gladiator began the quest for the
                  | Orb.
     0 | D:1      | Reached XP level 1. HP: 16/16 MP: 1/1
   185 | D:1      | Gained mutation: Your touch may inflict minor irresistible
                  | damage on your foes. [demonic ancestry]
   185 | D:1      | Reached XP level 2. HP: 15/22 MP: 2/2
   847 | D:2      | Gained mutation: A weak demonic guardian rushes to your
                  | aid. [demonic ancestry]
   847 | D:2      | Reached XP level 3. HP: 28/28 MP: 3/3
  1060 | D:2      | Reached skill level 1 in Armour
  1222 | D:$      | Got out of the dungeon alive.

Illustrated notes

Levels and vault maps discovered:
D:1:      evilmike_arrival_crescent, layout_basic, minmay_quantized
D:2:      layout_basic

Skill      XL: |  1  2  3 |
---------------+----------+-----
Throwing       | 2 |  2.2
Axes           | 3 |  3.0
Armour         | 1 |  1.0
Dodging        | 3 |  3.0
Fighting       | |  2.4

Action                   || total
-------------------------++-------
Melee: War axe           ||    67
       Touch             ||    10
Armor: Leather armour    ||    22
Dodge: Dodged            ||    45

Table legend: (Time is in decaauts)
 A = Elapsed time spent in this place.
 B = Non-inter-level travel time spent in this place.
 C = Inter-level travel time spent in this place.
 D = Time resting spent in this place.
 E = Time spent auto-exploring this place.
 F = Levels seen in this place.
 G = Mean time per level.
                   A        B        C        D        E       F      G
               +--------+--------+--------+--------+--------+-----+--------+
         Total |   1246 |   1062 |    184 |      0 |    863 |   2 |  623.0 |
       Dungeon |   1246 |   1062 |    184 |      0 |    863 |   2 |  623.0 |
               +--------+--------+--------+--------+--------+-----+--------+

Top non-repeatable levels by time:
     D:1: 895 daAuts
     D:2: 351 daAuts
